 Dungeon Crawl Stone Soup version 0.26-b1-32-g5d43845318 (webtiles) character file.

Game seed: 7450963985327754106

380 tv1990 the Chopper (level 7, -6/55 HPs)
             Began as a Formicid Monk on Jan 8, 2021.
             Mangled by a moth of wrath (14 damage)
             ... on level 3 of the Dungeon.
             The game lasted 00:10:11 (4799 turns).

tv1990 the Chopper (Formicid Monk)                  Turns: 4799, Time: 00:10:12

Health: -6/55      AC:  8    Str: 17    XL:     7   Next: 4%
Magic:  7/7        EV: 10    Int: 10    God:
Gold:   225        SH:  0    Dex: 13    Spells: 6/6 levels left

rFire    . . .     SeeInvis +   n - +1 dagger (venom)
rCold    . . .     Faith    .   (no shield)
rNeg     . . .     Spirit   .   o - +0 scale mail
rPois    .         Reflect  .   (helmet unavailable)
rElec    .         Harm     .   (no cloak)
rCorr    .         Rampage  .   (no gloves)
Will     .....                  m - +0 pair of boots
Stlth    +.........             (no amulet)
HPRegen  0.18/turn              (no ring)
MPRegen  0.10/turn              (no ring)

@: no status effects
A: permanent stasis, dig shafts and tunnels, four strong arms, antennae 3
a: Dig, Shaft Self


You were on level 3 of the Dungeon.
You visited 1 branch of the dungeon, and saw 4 of its levels.

You collected 225 gold pieces.

Inventory:

Hand Weapons
 a - a +0 hand axe
 n - a +1 dagger of venom (weapon)
Missiles
 h - 16 poisoned darts (quivered)
Armour
 b - a +0 robe
 d - a +0 ring mail
 m - a +0 pair of boots (worn)
 o - a +0 scale mail (worn)
Jewellery
 k - an uncursed ring of stealth {unknown}
Scrolls
 c - 2 scrolls of identify {unknown}
 f - a scroll of random uselessness {unknown}
 g - a scroll of fog {unknown}
 i - a scroll of teleportation {unknown}
 l - a scroll of immolation {unknown}
 r - a scroll of magic mapping {unknown}
 s - a scroll of enchant weapon {unknown}
Potions
 e - a potion of degeneration
 p - a potion of lignification {unknown}
 q - a potion of curing {unknown}


   Skills:
 + Level 4.9 Fighting
 * Level 5.6 Axes
 + Level 3.3 Armour
 - Level 2.6 Dodging
 - Level 2.4 Stealth


You had 6 spell levels left.
You didn't know any spells.
Your spell library was empty.

Dungeon Overview and Level Annotations

Branches:
Dungeon (4/15)
 Temple: D:4-7

Altars:
Qazlal
Trog


Innate Abilities, Weirdness & Mutations

You cannot be hasted, slowed, berserked, paralysed or teleported.
You can dig through walls and to a lower floor.
Your four strong arms can wield two-handed weapons with a shield.
You have a pair of large antennae on your head. (SInv)


Message History

There is an escape hatch in the ceiling here.
The moth of wrath angrily waves its antennae.
The moth of wrath barely misses you. A mysterious force pulls you upwards.
The hatch slams shut behind you.
You feel much better. The moth of wrath bites you!
* * * LOW HITPOINT WARNING * * *
You hit the moth of wrath.
The moth of wrath looks even sicker.
The moth of wrath is severely wounded.
The moth of wrath bites you but does no damage.
The moth of wrath bites you!
* * * LOW HITPOINT WARNING * * *
The moth of wrath bites you.
* * * LOW HITPOINT WARNING * * *
You hit the moth of wrath.
The moth of wrath is severely wounded.
The moth of wrath barely misses you.
You completely miss the moth of wrath.
The moth of wrath is severely wounded.
The moth of wrath bites you!
You die...

#.....##.#####.....##.
#.....##.# #........
#........# #.....##.
#.....##### #........
#.....#...# #....)###
##.####...# ###.##.##
#.####...# #.#####
#.#......# ###.### #
#.#y@....####.....# #
#............)....#
###......####.....#
#...#### #.....# #...#
#.....# #...# #######
#...# #...## ####.##


You could see a moth of wrath (poisoned).

Vanquished Creatures
  A phantom (D:4)
  A black bear (D:3)
  An orc priest (D:4)
  A worker ant (D:3)
  4 adders
  2 oozes
  2 worms (D:4)
  A dart slug (D:2)
  4 leopard geckos
  6 orcs
  8 bats
  3 giant cockroaches
  8 goblins
  13 hobgoblins
  2 quokkas (D:3)
  2 ball pythons
  7 frilled lizards
  A jackal skeleton (D:4)
  8 kobolds
  10 rats
85 creatures vanquished.

Notes
Turn   | Place    | Note
-------+----------+-------------------------------------------
     0 | D:1      | tv1990 the Formicid Monk began the quest for the Orb.
     0 | D:1      | Reached XP level 1. HP: 18/18 MP: 1/1
   239 | D:1      | Reached XP level 2. HP: 24/24 MP: 2/2
   829 | D:1      | Reached skill level 1 in Armour
  1002 | D:1      | Reached XP level 3. HP: 29/29 MP: 3/3
  1366 | D:2      | Found a stormy altar of Qazlal.
  1595 | D:2      | Reached XP level 4. HP: 32/37 MP: 4/4
  1595 | D:2      | Found a faded altar of an unknown god.
  2137 | D:2      | Reached skill level 4 in Axes
  3249 | D:3      | Reached XP level 5. HP: 39/42 MP: 5/5
  3654 | D:4      | Noticed a phantom
  3656 | D:4      | Noticed a black bear
  3672 | D:3      | Killed a black bear
  3673 | D:3      | Reached skill level 5 in Axes
  3673 | D:3      | Reached XP level 6. HP: 30/49 MP: 6/6
  4326 | D:4      | Killed a phantom
  4327 | D:4      | Reached XP level 7. HP: 27/55 MP: 7/7
  4564 | D:4      | Noticed a moth of wrath
  4567 | D:4      | Found a bloodstained altar of Trog.
  4799 | D:3      | Mangled by a moth of wrath

Skill      XL: |  1  2  3  4  5  6 |
---------------+-------------------+-----
Armour         | 1 2 3 |  3.3
Axes           | 4 5 |  5.6
Fighting       | 4 |  4.9
Dodging        | |  2.6
Stealth        | |  2.4

Action                   |  1- 3 |  4- 6 |  7- 9 || total
-------------------------+-------+-------+-------++-------
Melee: Hand axe          |   121 |   209 |    26 ||   356
       Dagger            |       |    12 |     8 ||    20
Throw: Dart              |       |     4 |       ||     4
 Abil: Dig               |     1 |    10 |     2 ||    13
  Use: Potion            |       |     4 |     1 ||     5
 Stab: Sleeping          |     2 |       |       ||     2
Armor: Robe              |     5 |       |       ||     5
       Ring mail         |    39 |    39 |       ||    78
       Scale mail        |       |    42 |     9 ||    51
Dodge: Dodged            |    74 |   114 |     8 ||   196

Levels and vault maps discovered:
D:1:      lightli_arrival_farm, layout_loops_ring
D:2:      layout_loops_ring, chequers_ecumenical_altar_island,
          grunt_qazlal_sundering
D:3:      lemuel_upstairs_altar, layout_basic, st_stairs_8, minmay_puff
D:4:      layout_layer_cave, kennysheep_mini_moat, tgw_trog, marbit_many_paths,
          nicolae_overflow_hidden_temple, minmay_temple_entry_junction_2,
          serial_shops, shop_coins, minmay_fractal_squares_5, uniq_duvessa,
          uniq_robin
